Map: [ESL] Radhuset Station

Players

ShoWTimE - Winner!

  • Race: Protoss Protoss
  • Spawn Location: 7:00

HeroMarine

  • Race: Terran Terran
  • Spawn Location: 1:00

Event: ESL SC2 Masters 2023 Winter (Finals)

VOD

Have the link to the VOD?

Description

Time

  • Played on: Dec. 16, 2023, 9:17 a.m.
  • Length: 15:24

All games in this series

Show
View Real Time Build Order
Export as new Build Order

ShoWTimE Protoss - Winner!

Build Orders: 1 Gate Expand, Oracle Opening, Blink Stalkers 

Get SALT Encoding   

  12  0:00  Probe  
  13  0:12  Probe  
  14  0:17  Pylon  
  14  0:24  Probe (Chrono Boost)  
  15  0:36  Probe (Chrono Boost)  
  15  0:39  Gateway  
  16  0:45  Probe (Chrono Boost)  
  16  0:48  Assimilator  
  17  0:51  Probe  
  18  1:03  Probe  
  19  1:15  Probe  
  20  1:26  Nexus  
  20  1:36  Cybernetics Core  
  20  1:39  Probe  
  21  1:48  Assimilator  
  21  1:52  Probe  
  22  1:55  Pylon  
  22  2:04  Probe  
  23  2:11  Adept (Chrono Boost)  
  25  2:16  Probe (Chrono Boost)  
  26  2:23  Stargate  
  26  2:27  Probe (Chrono Boost)  
  27  2:31  Warp Gate  
  27  2:32  Probe (Chrono Boost)  
  27  2:33  Adept  
  29  2:38  Probe (Chrono Boost)  
  31  2:47  Probe x2 (Chrono Boost)  
  32  2:52  Probe (Chrono Boost)  
  32  2:54  Probe  
  34  3:04  Oracle (Chrono Boost), Probe  
  35  3:06  Probe  
  39  3:16  Probe  
  39  3:18  Twilight Council, Probe  
  41  3:28  Probe  
  41  3:29  Gateway  
  41  3:30  Probe  
  43  3:34  Pylon  
  43  3:40  Probe  
  44  3:42  Gateway  
  44  3:43  Probe  
  45  3:49  Blink (Chrono Boost)  
  45  3:52  Probe  
  45  3:54  Shield Battery  
  45  3:55  Probe  
  47  4:04  Probe  
  48  4:12  Nexus  
  48  4:14  Probe  
  48  4:17  Pylon, Probe  
  50  4:26  Assimilator  
  50  4:27  Probe  
  50  4:29  Probe  
  52  4:36  Stalker x3  
  58  4:39  Probe  
  58  4:40  Pylon  
  58  4:41  Probe  
  60  4:51  Probe  
  60  4:52  Forge  
  61  4:54  Probe  
  62  5:02  Stalker x3  
  62  5:06  Probe x2  
  67  5:15  Pylon  
  67  5:18  Probe x2  
  69  5:25  Probe  
  70  5:30  Probe x2, Stalker x3, Protoss Ground Weapons Level 1 (Chrono Boost), Charge  
  78  5:37  Probe  
  78  5:42  Probe x2  
  81  5:49  Gateway x2, Probe  
  80  5:54  Stalker, Probe  
  80  5:55  Stalker x2  
  87  6:02  Gateway  
  87  6:06  Probe x2  
  87  6:07  Assimilator, Probe  
  90  6:12  Pylon  
  90  6:17  Nexus  
  88  6:21  Probe  
  88  6:23  Probe  
  88  6:24  Probe  
  91  6:30  Robotics Facility  
  91  6:35  Stalker x3  
  91  6:37  Probe x3  
  98  6:42  Pylon  
  98  6:46  Gateway  
  98  6:47  Gateway  
  98  6:49  Probe x3  
  98  6:53  Pylon  
  101  7:01  Shield Battery  
  101  7:03  Shield Battery  
  101  7:04  Stalker x4  
  109  7:10  Photon Cannon  
  109  7:13  Photon Cannon  
  109  7:18  Observer, Photon Cannon, Shield Battery  
  109  7:20  Probe x2  
  109  7:21  Probe  
  113  7:30  Protoss Ground Weapons Level 2 (Chrono Boost)  
  113  7:31  Forge  
  113  7:33  Probe x3  
  113  7:34  Probe  
  113  7:35  Photon Cannon  
  113  7:36  Warp Prism (Chrono Boost)  
  117  7:37  Shield Battery  
  117  7:43  Stalker  
  121  7:46  Stalker  
  121  7:47  Stalker  
  121  7:49  Stalker  
  127  7:52  Pylon  
  127  7:56  Stalker  
  127  7:57  Stalker  
  131  8:01  Pylon  
  131  8:04  Protoss Ground Armor Level 1 (Chrono Boost)  
  131  8:06  Nexus  
  131  8:09  Pylon  
  131  8:16  Pylon  
  131  8:17  Pylon  
  131  8:18  Pylon  
  131  8:24  Pylon  
  131  8:26  Stalker x6  
  141  8:33  Stalker x2  
  144  8:36  Probe  
  144  8:37  Probe x2  
  144  8:38  Probe  
  148  8:46  Pylon  
  148  8:47  Shield Battery  
  145  8:58  Immortal (Chrono Boost)  
  145  8:59  Zealot x8  
  161  9:08  Gateway x2  
  161  9:10  Probe x4  
  161  9:14  Observer  
  163  9:20  Pylon  
  163  9:22  Probe  
  164  9:24  Zealot x7  
  177  9:32  Immortal (Chrono Boost), Protoss Ground Weapons Level 3 (Chrono Boost)  
  177  9:33  Probe  
  177  9:34  Probe x2  
  184  9:38  Pylon  
  183  9:46  Stalker x5  
  183  9:51  Zealot x2  
  173  9:58  Probe  
  162  10:03  Probe x3  
  161  10:08  Warp Prism (Chrono Boost)  
  161  10:11  Stalker  
  161  10:12  Stalker x7  
  161  10:13  Protoss Shields Level 1 (Chrono Boost)  
  179  10:15  Zealot  
  181  10:34  Probe x4  
  181  10:35  Assimilator, Probe  
  186  10:37  Assimilator  
  186  10:40  Nexus  
  186  10:42  Pylon  
  182  10:55  Stalker x8  
  182  10:56  Stalker  
  168  11:21  Stalker x4  
  164  11:26  Probe  
  164  11:27  Probe  
  164  11:29  Probe x2  
  168  11:35  Photon Cannon  
  168  11:37  Gateway, Shield Battery, Stalker  
  168  11:38  Gateway, Stalker x2  
  168  11:39  Photon Cannon  
  174  11:40  Gateway  
  174  11:42  Gateway, Photon Cannon x2  
  174  11:43  Photon Cannon  
  174  11:44  Gateway  
  174  11:46  Pylon  
  174  11:48  Stalker x3  
  179  11:57  Protoss Ground Armor Level 2 (Chrono Boost)  
  179  11:58  Probe x3  
  179  11:59  Protoss Shields Level 2 (Chrono Boost)  
  179  12:01  Zealot x6  
  194  12:17  Gateway  
  194  12:20  Robotics Facility  
  194  12:21  Robotics Facility  
  194  12:23  Gateway, Pylon  
  194  12:29  Nexus, Photon Cannon  
  194  12:30  Assimilator, Pylon  
  194  12:43  Immortal  
  184  12:53  Zealot x9  
  158  13:06  Stalker x5  
  158  13:09  Immortal x2 (Chrono Boost)  
  170  13:14  Stalker x4  
  170  13:19  Stalker x2  
  169  13:29  Zealot x9, Immortal (Chrono Boost)  
  187  13:37  Nexus  
  186  13:45  Immortal (Chrono Boost)  
  190  13:50  Zealot x7  
  190  13:52  Immortal (Chrono Boost)  
  190  13:55  Stalker x3  
  200  13:58  Immortal (Chrono Boost)  
  200  13:59  Stalker x3  
  200  14:00  Stalker  
  190  14:09  Zealot x2  
  189  14:14  Stalker x5  
  191  14:23  Probe x4  
  195  14:25  Probe  
  195  14:31  Photon Cannon  
  196  14:32  Photon Cannon  
  196  14:35  Shield Battery  
  196  14:36  Zealot  
  196  14:37  Zealot  
  200  14:40  Pylon  
  200  14:43  Photon Cannon  
  200  14:46  Photon Cannon  
  200  14:48  Photon Cannon  
  200  14:50  Photon Cannon  
  200  14:53  Assimilator  
  200  14:56  Assimilator  
  200  14:58  Shield Battery  
  196  15:11  Zealot x4  
  162  15:22  Zealot x4  
Show
View Real Time Build Order
Export as new Build Order

HeroMarine Terran 

Build Orders: Command Center First, Cyclone Opening 

Get SALT Encoding   

  12  0:00  SCV  
  13  0:12  SCV  
  14  0:17  Supply Depot  
  14  0:24  SCV  
  15  0:39  SCV  
  16  0:51  SCV  
  17  0:59  Command Center  
  17  1:03  SCV  
  18  1:13  Barracks  
  18  1:17  SCV  
  19  1:23  Refinery  
  19  1:29  SCV  
  19  1:32  Refinery  
  20  1:41  SCV  
  21  1:53  SCV  
  22  2:00  Marine  
  23  2:05  Orbital Command  
  23  2:10  Factory  
  23  2:19  Barracks Reactor  
  23  2:24  Orbital Command  
  23  2:31  SCV  
  24  2:43  SCV  
  25  2:46  Supply Depot  
  25  2:50  SCV  
  26  2:55  SCV  
  27  2:59  Cyclone x2  
  27  3:02  SCV  
  32  3:07  SCV  
  33  3:15  SCV  
  33  3:19  SCV  
  35  3:24  Command Center  
  36  3:27  SCV  
  36  3:31  SCV  
  36  3:33  Cyclone  
  39  3:37  Cyclone  
  41  3:42  Starport  
  41  3:46  Supply Depot  
  41  3:48  SCV  
  41  3:49  SCV  
  43  4:00  SCV  
  43  4:01  SCV  
  45  4:08  Widow Mine  
  45  4:09  Widow Mine  
  49  4:12  SCV  
  49  4:14  SCV  
  51  4:20  Starport Tech Lab  
  51  4:25  SCV  
  51  4:26  Fusion Core, SCV  
  51  4:29  Refinery  
  51  4:30  Refinery  
  51  4:31  Supply Depot  
  53  4:37  SCV  
  53  4:38  SCV  
  59  4:40  Orbital Command  
  55  4:46  Hellion x2  
  55  4:49  SCV  
  55  4:50  SCV  
  61  5:01  SCV  
  61  5:02  Orbital Command, SCV  
  63  5:09  Starport  
  63  5:10  Cyclone x2  
  63  5:12  Supply Depot  
  63  5:13  Battlecruiser  
  73  5:14  SCV x2  
  75  5:26  SCV  
  75  5:27  SCV  
  77  5:28  Engineering Bay  
  77  5:30  Refinery  
  77  5:31  Refinery  
  77  5:34  SCV  
  76  5:35  Barracks Tech Lab  
  76  5:38  SCV  
  76  5:39  SCV  
  76  5:41  Armory  
  80  5:42  Cyclone  
  80  5:43  Cyclone  
  80  5:46  SCV  
  83  5:51  SCV x2  
  83  6:05  Supply Depot  
  83  6:06  Supply Depot  
  83  6:08  Supply Depot  
  83  6:09  SCV x2  
  83  6:10  SCV  
  84  6:13  Battlecruiser  
  90  6:25  Cyclone  
  90  6:27  Battlecruiser  
  90  6:28  Cyclone  
  90  6:29  SCV  
  90  6:31  SCV x2  
  101  6:41  SCV  
  101  6:43  SCV  
  101  6:44  Factory  
  101  6:45  Terran Vehicle Weapons Level 1, Factory, SCV  
  104  6:53  SCV  
  105  6:55  SCV  
  105  6:57  SCV  
  107  7:03  Widow Mine x2  
  107  7:05  SCV  
  107  7:07  SCV  
  113  7:09  SCV  
  113  7:15  Sensor Tower  
  114  7:17  Missile Turret, SCV  
  115  7:25  SCV x2  
  115  7:29  SCV  
  117  7:32  Factory Tech Lab, Factory Reactor  
  117  7:37  Command Center  
  117  7:38  Supply Depot  
  117  7:39  Cyclone x2, Supply Depot  
  117  7:42  Factory  
  117  7:43  SCV x3  
  117  7:44  Factory  
  124  7:48  Missile Turret  
  124  7:50  Missile Turret  
  124  7:53  Hurricane Engines  
  124  8:00  Siege Tank  
  124  8:01  Supply Depot  
  124  8:02  Armory, Supply Depot  
  124  8:03  Supply Depot  
  124  8:04  Missile Turret  
  127  8:07  Raven  
  127  8:08  Cyclone x2  
  127  8:10  SCV x3  
  136  8:19  Supply Depot  
  135  8:32  Siege Tank  
  138  8:35  Factory Tech Lab x2  
  138  8:36  Cyclone x2  
  138  8:40  Cyclone x2, Factory, SCV x2  
  138  8:41  Factory, SCV  
  149  8:42  Factory  
  149  8:47  Terran Vehicle Weapons Level 2  
  149  8:53  SCV x2  
  149  8:54  SCV  
  148  8:57  Siege Tank  
  148  9:01  Cyclone  
  153  9:05  Missile Turret  
  153  9:09  Siege Tank, Missile Turret  
  156  9:11  Missile Turret  
  156  9:13  Missile Turret  
  156  9:17  Refinery  
  156  9:18  Cyclone x3  
  156  9:20  Cyclone  
  156  9:23  Refinery  
  164  9:30  Weapon Refit  
  164  9:32  Hellion x2  
  164  9:33  Infernal Pre-Igniter  
  164  9:35  Hellion x2  
  172  9:39  Orbital Command, Missile Turret  
  170  9:49  Cyclone  
  161  9:53  Cyclone x2  
  161  9:54  Cyclone x3  
  161  9:55  Cyclone  
  169  10:00  Raven  
  169  10:03  Hellion x3  
  175  10:13  Terran Vehicle And Ship Armor Level 1  
  175  10:18  Command Center  
  175  10:19  Smart Servos  
  177  10:21  Cyclone  
  177  10:26  Cyclone  
  177  10:27  Cyclone x2  
  183  10:29  Sensor Tower  
  183  10:30  Cyclone  
  183  10:33  Cyclone, Supply Depot  
  187  10:36  Cyclone  
  187  10:41  Cyclone  
  189  10:46  Cyclone x2  
  189  10:48  SCV x3  
  192  10:53  Siege Tank  
  195  10:58  Orbital Command, Cyclone  
  195  11:00  Missile Turret  
  195  11:03  Sensor Tower  
  186  11:14  Cyclone x2  
  186  11:18  Siege Tank, Cyclone, SCV x2  
  163  11:19  Cyclone, SCV  
  163  11:20  Hellion  
  163  11:21  Hellion  
  163  11:24  SCV  
  168  11:29  Cyclone  
  168  11:30  Cyclone, SCV x2  
  168  11:31  SCV  
  175  11:35  Raven  
  175  11:36  Orbital Command  
  175  11:37  SCV  
  178  11:42  SCV x2  
  178  11:44  SCV  
  181  11:55  Cyclone x5  
  181  11:56  Cyclone x3  
  181  12:00  Orbital Command  
  197  12:02  Hellion  
  199  12:11  Missile Turret  
  199  12:19  Terran Vehicle Weapons Level 3, Terran Vehicle And Ship Armor Level 2  
  199  12:33  Cyclone  
  199  12:34  Command Center  
  199  12:35  Command Center  
  192  12:45  Cyclone x2  
  192  12:46  Cyclone  
  192  12:47  Cyclone  
  192  12:50  Cyclone x2  
  188  12:59  Cyclone  
  188  13:01  Cyclone x2  
  182  13:09  Command Center  
  182  13:11  Cyclone  
  184  13:17  Cyclone x2  
  184  13:18  Cyclone  
  184  13:19  Cyclone  
  184  13:22  Cyclone, SCV x2  
  184  13:24  SCV  
  186  13:34  SCV x2  
  186  13:36  SCV  
  188  13:45  Cyclone x2  
  188  13:46  SCV x2  
  188  13:48  SCV  
  174  13:58  Cyclone  
  176  14:02  Cyclone  
  176  14:03  Cyclone x2  
  176  14:04  SCV  
  176  14:08  SCV  
  179  14:11  SCV  
  179  14:13  Cyclone  
  166  14:20  Orbital Command  
  162  14:26  Orbital Command, Cyclone  
  159  14:34  Cyclone x2  
  159  14:37  Cyclone  
  165  14:42  SCV  
  165  14:44  SCV  
  165  14:45  SCV  
  168  14:50  Raven  
  168  14:51  SCV  
  171  14:54  SCV  
  171  14:56  SCV  
Tags
 
Add a new tag
Caveats
  • Supply blocks, unpowered buildings, or Contaminate may cause inaccurate times.
  • Supply counts are checked every 10 seconds.